 Dungeon Crawl Stone Soup version 0.20.1-1-g8b1a95d (webtiles) character file.

2940 Linguinho the Grappler (level 9, -1/123 (124) HPs)
             Began as a Troll Hunter on Nov 14, 2017.
             Slain by a gnoll
             ... wielding a +0 spear
              (5 damage)
             ... on level 6 of the Dungeon.
             The game lasted 00:08:15 (4460 turns).

Linguinho the Grappler (Troll Hunter)               Turns: 4460, Time: 00:08:16

HP:   -1/123 (124)  AC: 24    Str: 25    XL:     9   Next: 51%
MP:   3/17          EV:  1    Int: 11    God:
Gold: 258           SH:  0    Dex: 10    Spells: 8/8 levels left

rFire    + + .     SeeInvis +     - Unarmed
rCold    . . .     Gourm    +   (no shield)
rNeg     + + +     Faith    +   (armour currently unavailable)
rPois    +         Spirit   .   (helmet currently unavailable)
rElec    .         Reflect  .   (cloak currently unavailable)
rCorr    .         Harm     .   (gloves unavailable)
MR       .....     NoTele   +   (boots unavailable)
Stlth    +.........             E - amulet of Jaculo {Faith rF+ Int+4 SInv}
Regen    0.7/turn               q - ring of protection from fire
MPRegen  0.2/turn               r - ring of magical power

@: lethally poisoned (-1 -> -6), tree-form
A: unfitting armour, fast metabolism 3, gourmand, regeneration 1
a: no special abilities


You were on level 6 of the Dungeon.
You were very full.
You were a tree.
You visited 1 branch of the dungeon, and saw 6 of its levels.

You collected 258 gold pieces.

Inventory:

Hand Weapons
 t - a cursed -3 club
 H - a +0 giant spiked club
Missiles
 c - 3 large rocks (quivered)
 d - 2 throwing nets
Armour
 b - a +0 robe
 v - a scarf of spirit shield (melded)
 y - a +0 robe of magic resistance (melded)
Jewellery
 q - a ring of protection from fire (left branch)
 r - a ring of magical power (right branch)
 E - the amulet of Jaculo (around neck) {Faith rF+ Int+4 SInv}
   (You found it on level 5 of the Dungeon)

   [amulet of faith]

   It allows you to gain divine favour quickly.
   It affects your intelligence (+4).
   It protects you from fire.
   It lets you see invisible.
 L - a +5 amulet of reflection {unknown}
Wands
 w - a wand of iceblast (9/15)
 A - a wand of confusion (21/48)
 C - a wand of lightning (4/15)
 F - a wand of random effects (20/48)
Scrolls
 i - 2 scrolls of recharging {unknown}
 j - 2 scrolls of enchant weapon {unknown}
 k - 3 scrolls of teleportation {unknown}
 o - 7 scrolls of remove curse {unknown}
 p - 3 scrolls of fear {unknown}
 u - 6 scrolls of identify {unknown}
 x - a scroll of immolation {unknown}
 B - a scroll of enchant armour {unknown}
 M - a scroll of blinking {unknown}
 N - a scroll of random uselessness {unknown}
Potions
 a - 2 potions of haste {unknown}
 e - a potion of ambrosia {unknown}
 m - 3 potions of lignification
 n - a potion of experience {unknown}
 s - a potion of agility {unknown}
 D - a potion of degeneration {unknown}
 G - 2 potions of curing {unknown}
 I - a potion of might {unknown}
 K - a potion of heal wounds {unknown}
 O - a potion of brilliance {unknown}
Books
 z - a book of Minor Magic

   Spells                             Type                      Level
   a - Magic Dart                     Conjuration                  1
   b - Blink                          Translocation                2
   c - Call Imp                       Summoning                    2
   d - Slow                           Hexes                        2
   e - Conjure Flame                  Conjuration/Fire             3
   f - Mephitic Cloud                 Conjuration/Poison/Air       3
Comestibles
 f - 7 bread rations
 g - 2 meat rations
 h - 6 fruits
 l - 5 royal jellies
 J - 7 chunks of flesh


   Skills:
 + Level 3.3 Fighting
 * Level 3.6 Maces & Flails
 + Level 4.4 Throwing
 - Level 1.7 Dodging
 - Level 0.3 Stealth
 * Level 11.3 Unarmed Combat


You had 8 spell levels left.
You didn't know any spells.

Dungeon Overview and Level Annotations

Branches:
Dungeon (6/15)
 Temple: D:4-7

Altars:
Elyvilon
Gozag
Ru

Shops:
D:6 }


Innate Abilities, Weirdness & Mutations

You are too large for most types of armour.
((You have claws for hands.))
Your metabolism is lightning-fast.
You like to eat raw meat.
Your natural rate of healing is unusually fast.
((You are covered in fur. (AC +1)))
((You have very tough skin. (AC +2)))


Message History

You feel strangely alone.
You feel less resistant to hostile enchantments.
Your roots penetrate the ground.
You feel sick. The gnoll hits you but does no damage.
The sky beast hits you but does no damage.
You pummel the sky beast!!
You kill the sky beast!
You feel sick. The gnoll hits you but does no damage.
You smack the kobold!
You kill the kobold!
You feel sick. The gnoll barely misses you.
Throwing (i - inventory. (,) - cycle):
c - 4 large rocks (quivered)
Press: ? - help, Shift-Dir - straight line, f - gnoll
Aim: a gnoll, wielding a spear of venom You throw a large rock.
The large rock hits the gnoll but does no damage.
You feel sick.
The gnoll hits you but does no damage. x3
You are lethally poisoned!
The gnoll hits you from afar with a spear.
You die...

#........#........# #........ .
.......#........# #........ ..
......#........# #........
..#+###...##..##.<.## ###........
......#...##..##...##...#....####
......+...#.............#....#
.....>#..(#.<...........#....#
......###?######..###..##....#
.........†...###♣.###+##....##
............(#g†.......#....#
.##+##......)(g........#....#
.+...#..(....#######...#....#
.#..........)......#...#....#
...................#####....#
###.....###+#...............#
####......#...............#
+......#######.........#


You could see 2 gnolls.

Vanquished Creatures
  The ghost of Linguinho the Chucker, a novice TrHu (D:5)
  The ghost of Linguinho the Chucker, an amateur TrHu (D:4)
  Menkaure (D:5)
  2 ice beasts (D:6)
  3 sky beasts
  A necrophage (D:5)
  4 ogres
  A phantom (D:4)
  3 centaurs
  A bullfrog (D:6)
  A wyvern zombie (D:6)
  A scorpion (D:6)
  3 howler monkeys
  A bullfrog zombie (D:5)
  A crimson imp (D:5)
  A jelly (D:5)
  An orc priest (D:4)
  A gnoll shaman (D:6)
  2 hounds (D:6)
  2 bullfrog skeletons (D:5)
  An orc wizard (D:4)
  Ijyb (D:3)
  2 iguanas
  5 worker ants
  A hound zombie (D:5)
  A worker ant zombie (D:5)
  4 gnolls (D:6)
  10 adders
  An adder skeleton (D:4)
  A worm (D:3)
  A dart slug (D:2)
  5 leopard geckos
  16 orcs
  2 ball pythons
  9 bats
  7 giant cockroaches
  12 goblins
  5 hobgoblins
  14 jackals
  3 quokkas
  2 frilled lizards (D:2)
  8 kobolds
  2 quokka skeletons
  9 rats
154 creatures vanquished.

Notes
Turn   | Place    | Note
-------+----------+-------------------------------------------
     0 | D:1      | Linguinho the Troll Hunter began the quest for the Orb.
     0 | D:1      | Reached XP level 1. HP: 19/19 MP: 0/0
   127 | D:1      | Reached XP level 2. HP: 23/27 MP: 1/1
   599 | D:1      | Reached XP level 3. HP: 33/33 MP: 2/2
   640 | D:2      | Reached skill level 1 in Unarmed Combat
   714 | D:2      | Found a faded altar of an unknown god.
  1059 | D:2      | Reached skill level 2 in Unarmed Combat
  1238 | D:3      | Reached XP level 4. HP: 41/41 MP: 3/3
  1332 | D:3      | Noticed Ijyb
  1347 | D:3      | Killed Ijyb
  1554 | D:3      | Found an opulent altar of Gozag.
  1665 | D:3      | Reached skill level 3 in Unarmed Combat
  1788 | D:3      | Noticed a sky beast
  1792 | D:3      | Killed a sky beast
  1792 | D:3      | Reached skill level 4 in Unarmed Combat
  1792 | D:3      | Reached XP level 5. HP: 49/49 MP: 4/4
  1874 | D:4      | Noticed Linguinho's ghost (amateur TrHu)
  1892 | D:4      | Reached skill level 1 in Maces & Flails
  1892 | D:4      | Reached XP level 6. HP: 35/57 MP: 5/5
  2070 | D:4      | Killed Linguinho's ghost
  2070 | D:4      | Reached skill level 6 in Unarmed Combat
  2096 | D:4      | Found a sacrificial altar of Ru.
  2097 | D:4      | Reached XP level 7. HP: 59/65 MP: 6/6
  2471 | D:4      | Reached skill level 7 in Unarmed Combat
  2562 | D:5      | Entered Level 5 of the Dungeon
  2657 | D:5      | Got a faintly glowing copper amulet
  2665 | D:5      | Identified the amulet of Jaculo {Faith rF+ Int+4 SInv} (You found it on level 5 of the Dungeon)
  2680 | D:5      | Found a white marble altar of Elyvilon.
  2734 | D:5      | Reached XP level 8. HP: 61/74 MP: 7/7
  2766 | D:5      | Reached skill level 8 in Unarmed Combat
  2845 | D:5      | Noticed Linguinho's ghost (novice TrHu)
  3161 | D:5      | Noticed Menkaure
  3165 | D:5      | Killed Menkaure
  3165 | D:5      | Reached skill level 9 in Unarmed Combat
  3727 | D:5      | Killed Linguinho's ghost
  3727 | D:5      | Reached skill level 10 in Unarmed Combat
  3727 | D:5      | Reached XP level 9. HP: 40/83 MP: 8/8
  4307 | D:6      | Found Etorawk Ikhla's Quality Used Wands.
  4349 | D:6      | Reached skill level 11 in Unarmed Combat
  4456 | D:6      | HP: 4/82 [poisoned by a gnoll]
  4460 | D:6      | Slain by a gnoll

Skill      XL: |  1  2  3  4  5  6  7  8  9 |
---------------+----------------------------+-----
Throwing       | 4 |  4.4
Unarmed Combat | 2 4 6 7 10 11 | 11.3
Maces & Flails | 1 2 3 |  3.6
Fighting       | 2 3 |  3.3
Dodging        | |  1.7
Stealth        | |  0.3

Action                   |  1- 3 |  4- 6 |  7- 9 || total
-------------------------+-------+-------+-------++-------
Melee: Unarmed           |   131 |    97 |   236 ||   464
       Punch             |       |     4 |     6 ||    10
Throw: Large rock        |       |     1 |     1 ||     2
  Use: Potion            |       |       |     1 ||     1
 Stab: Sleeping          |     2 |     1 |       ||     3
  Eat: Chunk             |    17 |     8 |    21 ||    46
Armor: Robe              |    50 |    36 |    47 ||   133
       Skin              |       |       |     6 ||     6
Dodge: Dodged            |    73 |    49 |    97 ||   219
